 Dungeon Crawl Stone Soup version 0.21.0-37-g46506fa (webtiles) character file.

16363 garbagetei the Thaumaturge (level 12, 0/94 HPs)
             Began as a Gnoll Skald on Feb 1, 2018.
             Was an Elder of Makhleb.
             Slain by an 11-headed hydra (10 damage)
             ... on level 12 of the Dungeon.
             The game lasted 00:51:32 (15620 turns).

garbagetei the Thaumaturge (Gnoll Skald)           Turns: 15620, Time: 00:51:32

Health: 0/94       AC: 10    Str: 19    XL:     12   Next: 36%
Magic:  16/24      EV: 17    Int: 17    God:    Makhleb [****..]
Gold:   430        SH:  8    Dex: 17    Spells: 20/28 levels left

rFire    + . .     SeeInvis .   v - +5 long sword
rCold    . . .     Gourm    .   X - +0 buckler
rNeg     . . .     Faith    .   S - +1 ring mail {rPois}
rPois    +         Spirit   .   (no helmet)
rElec    .         Reflect  +   (no cloak)
rCorr    .         Harm     .   w - +0 pair of gloves
MR       +....                  f - +0 pair of boots
Stlth    +++.......             l - +2 amulet of reflection
HPRegen  1.25/turn              V - +2 ring of strength
MPRegen  0.19/turn              p - ring of protection from fire

@: regenerating
A: distributed training, fangs 1, agile 1, blurry vision 1, magic resistance 1,
strong nose
a: Minor Destruction, Lesser Servant of Makhleb, Major Destruction, Renounce
Religion


You were on level 12 of the Dungeon.
You worshipped Makhleb.
Makhleb was greatly pleased with you.
You were hungry.

You visited 1 branch of the dungeon, and saw 12 of its levels.
You also visited: Sewer.

You collected 550 gold pieces.
You spent 120 gold pieces at shops.

Inventory:

Hand Weapons
 a - the +3 mace of Wosoutyno {speed, *Noise *Slow rElec Dex+8}
   (You found it on level 9 of the Dungeon)

   Attacks with this weapon are significantly faster.
   It affects your dexterity (+8).
   It insulates you from electricity.
   It may make noises in combat.
   It may slow you when you take damage.
 j - a +0 shortbow
 s - a +0 blowgun
 v - a +5 long sword (weapon)
 E - a +1 broad axe of pain
Missiles
 n - 90 sling bullets
 t - 4 curare-tipped needles
 C - 5 needles of sleeping
 F - a javelin (quivered)
 G - 214 arrows
 U - 25 poisoned needles
Armour
 b - a +0 leather armour
 f - a +0 pair of boots (worn)
 w - a +0 pair of gloves (worn)
 K - +0 steam dragon scales
 S - a +1 ring mail of poison resistance (worn)
 W - a +3 chain mail
 X - a +0 buckler (worn)
Jewellery
 l - a +2 amulet of reflection (around neck)
 p - a ring of protection from fire (right hand)
 q - an uncursed amulet of harm
 r - a +2 ring of evasion
 x - an uncursed ring of flight
 J - an uncursed amulet of the gourmand
 R - an uncursed ring of protection from cold
 V - a +2 ring of strength (left hand)
 Z - an uncursed amulet of regeneration
Wands
 i - a wand of disintegration (21)
 I - a wand of acid (7)
 N - a wand of iceblast (23)
 Q - a wand of random effects (38)
 T - a wand of paralysis (7)
Scrolls
 e - 2 scrolls of enchant weapon
 h - 2 scrolls of blinking
 k - 8 scrolls of remove curse
 m - a scroll of fear
 o - a scroll of enchant armour
 u - a scroll of summoning {unknown}
 y - 3 scrolls of magic mapping
 H - a scroll of teleportation {unknown}
 M - 4 scrolls of fog
 O - 4 scrolls of identify
 P - a scroll of amnesia
 Y - 2 scrolls of immolation {unknown}
Potions
 g - 2 potions of haste
 z - 2 potions of lignification
 A - 2 potions of flight
 B - 2 potions of brilliance
 D - a potion of heal wounds
 L - 2 potions of might
Books
 c - a book of Battle

   Spells                             Type                      Level
   a - Infusion                       Charms                       1
   b - Shroud of Golubria             Charms/Translocation         2
   c - Song of Slaying                Charms                       2
   d - Spectral Weapon                Hexes/Charms                 3
   e - Regeneration                   Charms/Necromancy            3
Comestibles
 d - 14 rations


   Skills:
 + Level 8.5 Fighting
 + Level 7.1 Short Blades
 + Level 8.5 Long Blades
 + Level 7.1 Axes
 + Level 7.1 Maces & Flails
 + Level 7.1 Polearms
 + Level 7.1 Staves
 + Level 7.1 Slings
 + Level 7.1 Bows
 + Level 7.1 Crossbows
 + Level 7.1 Throwing
 + Level 7.6 Armour
 + Level 8.5 Dodging
 + Level 7.1 Stealth
 + Level 7.1 Shields
 + Level 7.1 Unarmed Combat
 + Level 8.8 Spellcasting
 + Level 5.9 Conjurations
 + Level 5.9 Hexes
 + Level 8.1 Charms
 + Level 5.9 Summonings
 + Level 5.9 Necromancy
 + Level 5.9 Translocations
 + Level 5.9 Transmutations
 + Level 5.9 Fire Magic
 + Level 5.9 Ice Magic
 + Level 5.9 Air Magic
 + Level 5.9 Earth Magic
 + Level 5.9 Poison Magic
 + Level 7.8 Invocations
 + Level 7.1 Evocations


You had 20 spell levels left.
You knew the following spells:

 Your Spells              Type           Power        Failure   Level  Hunger
a - Infusion              Chrm           ####         1%          1    None
b - Song of Slaying       Chrm           #####...     1%          2    None
c - Regeneration          Chrm/Necr      ####......   2%          3    #......
d - Shroud of Golubria    Chrm/Tloc      ####......   1%          2    None


Dungeon Overview and Level Annotations

Branches:
Dungeon (12/15)            Temple (0/1) D:7             Orc (0/2) D:12
   Lair: D:8-11

Altars:
Ashenzari
Dithmenos
Fedhas
Hepliaklqana
Kikubaaqudgha
Makhleb
Qazlal
Sif Muna
Trog
Wu Jian
Xom
The Shining One

Shops:
D:6 ?   D:8 [   D:11 =

Annotations:
D:2 Sigmund


Innate Abilities, Weirdness & Mutations

Your experience applies equally to all skills.
You have very sharp teeth.
Your uncanny sense of smell can sniff out nearby items.
You are agile. (Dex +2)
Scrolls take you a little longer to read.
You are resistant to hostile enchantments. (MR+)


Message History

Okay, then.
You feel much better. The 11-headed hydra bites you.
You block the 11-headed hydra's attack. The 11-headed hydra closely misses you.
The 11-headed hydra barely misses you.
The 11-headed hydra completely misses you.
You block the 11-headed hydra's attack. The 11-headed hydra closely misses you.
The 11-headed hydra bites you!
* * * LOW HITPOINT WARNING * * *
You block the 11-headed hydra's attack. The 11-headed hydra bites you.
* * * LOW HITPOINT WARNING * * *
The 11-headed hydra bites you!
* * * LOW HITPOINT WARNING * * *
Press: ? - help, Shift-Dir - straight line, f - 11-headed hydra
Aim: an 11-headed hydra (severely wounded)
The iron shot hits the 11-headed hydra.
The 11-headed hydra is almost dead.
You are no longer magically infusing your attacks.
The 11-headed hydra bites you but does no damage. x2
The 11-headed hydra misses you. The 11-headed hydra bites you!
You die...

...###..............###
......#...........#...#
##.####.....8.....#...# ##
####....)####...#
#.####.#>.#.#...# #.#
#......#...# #### #.#
###)#).#...##.# ...# #.#
#aD..........
...####'########@.#...##.#
.......<.........>#....#
.................##....#
≈≈≈..............# ..#.#
≈≈≈..............# ###.#
≈≈≈..............# #
....)......#######
...###'#.### ...# #.#.#


You could see a 11-headed hydra and a worker ant.

Vanquished Creatures
  The ghost of Megalobster the Martial Artist, a journeyman GnTm of Gozag (D:10)
  A two-headed ogre (D:10)
  Psyche (D:11)
  2 trolls (D:11)
  A dream sheep (D:10)
  The ghost of p0werm0de the Insei, an amateur OpGl of Xom (D:6)
  2 hippogriffs
  A spriggan (D:9)
  2 shadows
  32 yaks
  A wraith (D:9)
  Eustachio (D:5)
  3 wyverns
  A basilisk (D:11)
  The ghost of LittleStrapony the Skirmisher, an amateur DsAK of Lugonu (D:4)
  A hungry ghost (D:11)
  A steam dragon (D:9)
  A vampire mosquito (D:9)
  An acid dragon (D:11)
  4 orc warriors
  2 sky beasts
  A black bear (D:8)
  2 eyes of draining
  A phantom (D:9)
  8 ogres
  3 centaurs
  A crocodile (D:11)
  A big kobold (Sewer)
  A wyvern zombie (D:11)
  7 bullfrogs
  A water moccasin zombie (D:9)
  5 scorpions
  7 killer bees
  4 wights (D:10)
  5 howler monkeys
  A bullfrog zombie (D:7)
  3 centaur zombies
  5 crimson imps
  4 jellies
  11 orc priests
  5 hounds
  10 orc wizards
  A gnoll shaman (D:4)
  Jessica (D:3)
  3 bullfrog skeletons
  7 iguanas
  9 worker ants
  12 adders
  12 gnolls
  5 shadow imps
  3 oozes
  3 adder zombies
  3 worms
  2 dart slugs (D:1)
  5 leopard geckos
  32 orcs
  6 giant cockroaches
  6 goblins
  5 hobgoblins
  22 jackals
  10 kobolds
  2 quokkas
  2 ball pythons
  11 bats
  4 frilled lizards
  8 rats
  A butterfly (D:7)
322 creatures vanquished.

Vanquished Creatures (collateral kills)
  A two-headed ogre (D:8)
  A gargoyle (D:10)
  A komodo dragon (D:11)
  A hippogriff (D:10)
  4 yaks (D:8)
  An orc warrior (D:10)
  A sky beast (D:8)
  2 centaurs (D:10)
  A scorpion (D:10)
  A killer bee (D:10)
  A crimson imp (D:10)
  An orc priest (D:8)
  An iguana (D:11)
  2 orcs (D:8)
19 creatures vanquished.

Vanquished Creatures (others)
  4 dream sheep (D:10)
4 creatures vanquished.

Grand Total: 345 creatures vanquished

Notes
Turn   | Place    | Note
-------+----------+-------------------------------------------
     0 | D:1      | garbagetei the Gnoll Skald began the quest for the Orb.
     0 | D:1      | Reached XP level 1. HP: 20/20 MP: 6/6
   145 | D:1      | Reached XP level 2. HP: 20/26 MP: 7/7
   345 | D:1      | Learned a level 2 spell: Song of Slaying
   390 | D:1      | Reached XP level 3. HP: 28/31 MP: 9/9
   420 | D:1      | Reached skill level 5 in Spellcasting
   733 | D:2      | Found a shattered altar of Ashenzari.
   745 | D:2      | Noticed a bullfrog
   765 | D:1      | Killed a bullfrog
   765 | D:1      | Reached skill level 1 in Short Blades
   765 | D:1      | Reached skill level 1 in Axes
   765 | D:1      | Reached skill level 1 in Maces & Flails
   765 | D:1      | Reached skill level 1 in Polearms
   765 | D:1      | Reached skill level 1 in Staves
   765 | D:1      | Reached skill level 1 in Slings
   765 | D:1      | Reached skill level 1 in Bows
   765 | D:1      | Reached skill level 1 in Crossbows
   765 | D:1      | Reached skill level 1 in Throwing
   765 | D:1      | Reached skill level 1 in Stealth
   765 | D:1      | Reached skill level 1 in Shields
   765 | D:1      | Reached skill level 1 in Unarmed Combat
   765 | D:1      | Reached skill level 1 in Invocations
   765 | D:1      | Reached skill level 1 in Evocations
   765 | D:1      | Reached XP level 4. HP: 16/38 MP: 6/11
   852 | D:2      | Reached skill level 1 in Conjurations
   852 | D:2      | Reached skill level 1 in Hexes
   852 | D:2      | Reached skill level 1 in Summonings
   852 | D:2      | Reached skill level 1 in Necromancy
   852 | D:2      | Reached skill level 1 in Translocations
   852 | D:2      | Reached skill level 1 in Transmutations
   852 | D:2      | Reached skill level 1 in Fire Magic
   852 | D:2      | Reached skill level 1 in Ice Magic
   852 | D:2      | Reached skill level 1 in Air Magic
   852 | D:2      | Reached skill level 1 in Earth Magic
   852 | D:2      | Reached skill level 1 in Poison Magic
  1071 | D:1      | Reached XP level 5. HP: 41/43 MP: 5/12
  1306 | D:2      | Noticed Sigmund
  1454 | D:3      | Found a faded altar of an unknown god.
  1465 | D:3      | Became a worshipper of Makhleb the Destroyer
  1465 | D:3      | Reached * piety under Makhleb
  1858 | D:3      | Found a hazy altar of Hepliaklqana.
  1981 | D:3      | Reached XP level 6. HP: 45/50 MP: 13/13
  2009 | D:3      | Noticed Jessica
  2030 | D:3      | Killed Jessica
  2557 | D:4      | Reached ** piety under Makhleb
  2746 | D:4      | Reached skill level 5 in Fighting
  2746 | D:4      | Reached skill level 5 in Long Blades
  2746 | D:4      | Reached skill level 5 in Dodging
  2775 | D:4      | Reached XP level 7. HP: 48/56 MP: 9/15
  2795 | D:4      | Found a stormy altar of Qazlal.
  2879 | D:3      | Learned a level 3 spell: Regeneration
  3198 | D:4      | Noticed LittleStrapony's ghost (amateur DsAK)
  3209 | D:5      | Entered Level 5 of the Dungeon
  3289 | D:5      | Found a glowing drain.
  3364 | Sewer    | Entered a sewer
  3540 | Sewer    | Found a white marble altar of Elyvilon.
  3925 | D:5      | Found a shadowy altar of Dithmenos.
  4377 | D:4      | Reached XP level 8. HP: 45/63 MP: 16/16
  4717 | D:4      | Killed LittleStrapony's ghost
  4887 | D:4      | Learned a level 2 spell: Shroud of Golubria
  4893 | D:5      | Noticed Eustachio
  5483 | D:5      | Killed Eustachio
  5898 | D:6      | Reached *** piety under Makhleb
  6037 | D:6      | Reached XP level 9. HP: 68/69 MP: 18/18
  6074 | D:6      | Found Ixat's Magic Scroll Shop.
  6083 | D:6      | Bought a scroll of fear for 38 gold pieces
  6083 | D:6      | Bought a scroll of identify for 22 gold pieces
  6083 | D:6      | Bought a scroll of identify for 22 gold pieces
  6083 | D:6      | Bought a scroll of amnesia for 38 gold pieces
  6086 | D:6      | Found an ornate altar of the Wu Jian Council.
  6120 | D:6      | Noticed p0werm0de's ghost (amateur OpGl)
  6158 | D:6      | Killed p0werm0de's ghost
  6525 | D:7      | Found a glowing golden altar of the Shining One.
  6564 | D:7      | Reached skill level 5 in Armour
  7181 | D:7      | Found a staircase to the Ecumenical Temple.
  7285 | D:7      | Reached **** piety under Makhleb
  7645 | D:7      | Reached skill level 5 in Invocations
  8347 | D:8      | Reached XP level 10. HP: 73/77 MP: 20/20
  8381 | D:8      | Found a bloodstained altar of Trog.
  8423 | D:8      | Noticed a two-headed ogre
  8433 | D:8      | Killed a two-headed ogre
  8748 | D:8      | Reached skill level 5 in Short Blades
  8748 | D:8      | Reached skill level 5 in Axes
  8748 | D:8      | Reached skill level 5 in Maces & Flails
  8748 | D:8      | Reached skill level 5 in Polearms
  8748 | D:8      | Reached skill level 5 in Staves
  8748 | D:8      | Reached skill level 5 in Slings
  8748 | D:8      | Reached skill level 5 in Bows
  8748 | D:8      | Reached skill level 5 in Crossbows
  8748 | D:8      | Reached skill level 5 in Throwing
  8748 | D:8      | Reached skill level 5 in Stealth
  8748 | D:8      | Reached skill level 5 in Shields
  8748 | D:8      | Reached skill level 5 in Unarmed Combat
  8748 | D:8      | Reached skill level 5 in Evocations
  8786 | D:8      | Found Tiuthroh's Armour Boutique.
  9860 | D:8      | Found an ancient bone altar of Kikubaaqudgha.
 10983 | D:9      | Reached XP level 11. HP: 76/84 MP: 22/22
 11068 | D:9      | Got a crude mace
 11069 | D:9      | Identified the +3 mace of Wosoutyno {speed, *Noise *Slow rElec Dex+8} (You found it on level 9 of the Dungeon)
 11080 | D:9      | Found a blossoming altar of Fedhas.
 11131 | D:10     | Entered Level 10 of the Dungeon
 11731 | D:10     | Noticed Megalobster's ghost (journeyman GnTm)
 11757 | D:10     | Killed Megalobster's ghost
 12040 | D:9      | Reached skill level 5 in Conjurations
 12040 | D:9      | Reached skill level 5 in Hexes
 12040 | D:9      | Reached skill level 5 in Summonings
 12040 | D:9      | Reached skill level 5 in Necromancy
 12040 | D:9      | Reached skill level 5 in Translocations
 12040 | D:9      | Reached skill level 5 in Transmutations
 12040 | D:9      | Reached skill level 5 in Fire Magic
 12040 | D:9      | Reached skill level 5 in Ice Magic
 12040 | D:9      | Reached skill level 5 in Air Magic
 12040 | D:9      | Reached skill level 5 in Earth Magic
 12040 | D:9      | Reached skill level 5 in Poison Magic
 12253 | D:10     | Noticed a two-headed ogre
 12266 | D:10     | Killed a two-headed ogre
 12448 | D:10     | Found a shimmering altar of Xom.
 12990 | D:11     | Noticed Psyche
 13002 | D:11     | Killed Psyche
 13322 | D:11     | Gained mutation: You are agile. (Dex +2) [potion of mutation]
 13322 | D:11     | Gained mutation: You are resistant to hostile enchantments. (MR+) [potion of mutation]
 13322 | D:11     | Gained mutation: Scrolls take you a little longer to read. [potion of mutation]
 13322 | D:11     | Gained mutation: You evolve. [potion of mutation]
 13461 | D:11     | Found Ixkuem's Jewellery Emporium.
 13519 | D:11     | Reached XP level 12. HP: 93/93 MP: 14/24
 13697 | D:11     | Found a deep blue altar of Sif Muna.
 15020 | D:12     | Noticed a two-headed ogre
 15238 | D:12     | Lost mutation: You evolve. [evolution]
 15543 | D:12     | Found a staircase to the Orcish Mines.
 15595 | D:12     | Noticed an eight-headed hydra
 15620 | D:12     | Slain by an 11-headed hydra

Skill      XL: |  1  2  3  4  5  6  7  8  9 10 11 12 |
---------------+-------------------------------------+-----
Spellcasting   | 5 6 7 8 |  8.8
Short Blades   | 1 2 3 4 5 6 7 |  7.1
Axes           | 1 2 3 4 5 6 7 |  7.1
Maces & Flails | 1 2 3 4 5 6 7 |  7.1
Polearms       | 1 2 3 4 5 6 7 |  7.1
Staves         | 1 2 3 4 5 6 7 |  7.1
Slings         | 1 2 3 4 5 6 7 |  7.1
Bows           | 1 2 3 4 5 6 7 |  7.1
Crossbows      | 1 2 3 4 5 6 7 |  7.1
Throwing       | 1 2 3 4 5 6 7 |  7.1
Stealth        | 1 2 3 4 5 6 7 |  7.1
Shields        | 1 2 3 4 5 6 7 |  7.1
Unarmed Combat | 1 2 3 4 5 6 7 |  7.1
Invocations    | 1 2 3 4 5 6 7 |  7.8
Evocations     | 1 2 3 4 5 6 7 |  7.1
Conjurations   | 1 2 3 4 5 |  5.9
Hexes          | 1 2 3 4 5 |  5.9
Summonings     | 1 2 3 4 5 |  5.9
Necromancy     | 1 2 3 4 5 |  5.9
Translocations | 1 2 3 4 5 |  5.9
Transmutations | 1 2 3 4 5 |  5.9
Fire Magic     | 1 2 3 4 5 |  5.9
Ice Magic      | 1 2 3 4 5 |  5.9
Air Magic      | 1 2 3 4 5 |  5.9
Earth Magic    | 1 2 3 4 5 |  5.9
Poison Magic   | 1 2 3 4 5 |  5.9
Armour         | 3 4 5 6 7 |  7.6
Fighting       | 5 6 7 8 |  8.5
Long Blades    | 5 6 7 8 |  8.5
Dodging        | 5 6 7 8 |  8.5
Charms         | 6 7 8 |  8.1

Action                   |  1- 3 |  4- 6 |  7- 9 | 10-12 || total
-------------------------+-------+-------+-------+-------++-------
Melee: Falchion          |    70 |    85 |       |       ||   155
       Bite              |     6 |    15 |    48 |    96 ||   165
       Long sword        |       |    51 |   388 |   578 ||  1017
       Punch             |       |       |     7 |     1 ||     8
Throw: Javelin           |       |       |     3 |     7 ||    10
 Cast: Infusion          |     2 |     5 |     7 |    19 ||    33
       Song of Slaying   |       |     1 |     1 |     9 ||    11
       Regeneration      |       |       |     3 |     8 ||    11
       Shroud of Golubri |       |       |     1 |     4 ||     5
Invok: Minor Destruction |       |       |     6 |     7 ||    13
       Major Destruction |       |       |       |     6 ||     6
       Lesser Servant of |       |       |       |    10 ||    10
 Abil: Stop Flying       |       |       |     1 |       ||     1
       Evoke Flight      |       |       |     1 |       ||     1
  Use: Scroll            |       |       |    13 |     5 ||    18
       Potion            |       |       |       |     5 ||     5
 Stab: Sleeping          |       |     2 |     1 |     8 ||    11
       Distracted        |       |       |       |     5 ||     5
       Invisible         |       |       |       |     2 ||     2
  Eat: Chunk             |       |     6 |    16 |    25 ||    47
       Ration            |       |       |     1 |       ||     1
Armor: Leather armour    |    26 |    37 |    75 |     8 ||   146
       Steam dragon scal |       |       |       |    98 ||    98
       Ring mail         |       |       |       |     6 ||     6
Dodge: Dodged            |    66 |   105 |   381 |   485 ||  1037
Block: Other             |       |     7 |    29 |     1 ||    37
       Reflection        |       |       |     4 |     3 ||     7
       Buckler           |       |       |       |   209 ||   209
       Rpst.: Falchion   |    21 |    24 |       |       ||    45
       Long sword        |       |     6 |    87 |   122 ||   215
